 Dungeon Crawl Stone Soup version 0.31-a0-182-gc5ef74bbde (webtiles) character file.

Game seed: 3136329382692084361

4 frimble the Grasshopper (level 1, -2/14 HPs)
             Began as an Octopode Warper on June 20, 2023.
             Slain by a gnoll
             ... wielding a +0 spear
              (4 damage)
             ... on level 1 of the Dungeon.
             The game lasted 00:00:08 (121 turns).

frimble the Grasshopper (Octopode Warper)            Turns: 121, Time: 00:00:09

Health: -2/14      AC:  1    Str: 10    XL:     1   Next: 70%
Magic:  3/3        EV: 13    Int: 15    God:
Gold:   11         SH:  0    Dex: 11    Spells: 4/4 levels left

rFire   . .          .
                       - Unarmed
rCold   . . .        (no shield)
rNeg    . . .        (helmet restricted)
rPois   .            (no amulet)
rElec   .            (no ring)
rCorr   .            (no ring)
SInv    .            (no ring)
Will    .....        (no ring)
Stlth   ++           (no ring)
HPRegen 0.22/turn    (no ring)
MPRegen 0.08/turn    (no ring)
                     (no ring)

%: no passive effects
@: no status effects
A: almost no armour, amphibious, 8 rings, camouflage 1, gelatinous body 1,
(nimble swimmer 1), tentacles
a: no special abilities


You were on level 1 of the Dungeon.
You visited 1 branch of the dungeon, and saw 1 of its levels.

You collected 11 gold pieces.

Inventory:

Missiles
 b - 7 boomerangs of dispersal (quivered)
Scrolls
 a - a scroll of blinking
Potions
 c - a potion of curing {unknown}
 d - a potion of might {unknown}


   Skills:
 - Level 2.0 Fighting
 - Level 1.0 Throwing
 - Level 2.3 Dodging
 + Level 2.4 Unarmed Combat
 - Level 2.0 Spellcasting
 - Level 3.0 Translocations


You had 4 spell levels left.
You didn't know any spells.
Your spell library contained the following spells:

 Spells                   Type           Power      Damage    Failure   Level
 Blink                    Tloc           20%        N/A       10%         2
 Lesser Beckoning         Tloc           20%        N/A       10%         2
 Teleport Other           Tloc           10%        N/A       19%         3
 Vhi's Electric Charge    Tloc/Air       12%        N/A       34%         3
 Manifold Assault         Tloc           10%        N/A       54%         4


Dungeon Overview and Level Annotations

Branches:
Dungeon (1/15)

Altars:


Innate Abilities, Weirdness & Mutations

You cannot wear most types of armour.
You are amphibious.
You can wear up to eight rings at the same time.
Your skin changes colour to match your surroundings (Stealth+).
Your rubbery body absorbs attacks. (AC +1, EV +1)
((You are camouflaged when in or above water. (Stealth+)))
You have tentacles for arms and can constrict up to eight enemies at once.


Message History

* * * LOW HITPOINT WARNING * * *
You tentacle-slap the kobold but do no damage.
The kobold is moderately wounded.
You constrict the kobold, but do no damage.
The kobold hits you with a +0 club.
* * * LOW HITPOINT WARNING * * *
You tentacle-slap the kobold. You squeeze the kobold.
You kill the kobold!
You tentacle-slap the dart slug. You grab the dart slug.
The dart slug is moderately wounded.
You constrict the dart slug. You tentacle-slap the dart slug.
The dart slug is almost dead.
You constrict the dart slug.
You kill the dart slug!
HP restored.
You see here a +0 club.
A gnoll comes into view. It is wielding a +0 spear.
A gnoll is nearby!
A gnoll is nearby!
A gnoll is nearby!
The helpless gnoll fails to defend itself.
You tentacle-slap the gnoll but do no damage.
Your grab misses the gnoll. The gnoll hits you with a +0 spear.
You tentacle-slap the gnoll. You grab the gnoll. You tentacle-slap the gnoll.
The gnoll is moderately wounded.
You constrict the gnoll, but do no damage.
The gnoll closely misses you.
You tentacle-slap the gnoll.
The gnoll is heavily wounded.
You constrict the gnoll. The gnoll hits you with a +0 spear!
Ouch! That really hurt!
* * * LOW HITPOINT WARNING * * *
You are too injured to fight recklessly!
You are too injured to fight recklessly!
You are too injured to fight recklessly!
You tentacle-slap the gnoll.
The gnoll is almost dead.
You constrict the gnoll. The gnoll hits you with a +0 spear.
You die...

#.# #.#.#..##...##
#.###)####.#)#..>##....
#............#######...
#####.####.### ###.
#..# #. ## ##.# # #.#
#.# #@# #g# #.# #.# #.#
#.# #.. ###


You could see a gnoll.

Vanquished Creatures
  A dart slug (D:1)
  2 kobolds (D:1)
3 creatures vanquished.

Notes
Turn   | Place    | Note
-------+----------+-------------------------------------------
     0 | D:1      | frimble the Octopode Warper began the quest for the Orb.
     0 | D:1      | Reached XP level 1. HP: 14/14 MP: 3/3
   121 | D:1      | Slain by a gnoll

Illustrated notes

Levels and vault maps discovered:
D:1:      heliophobic_arrival_dark_side_of_the_moon, layout_loops_ring

Action                     || total
---------------------------++-------
  Melee: Unarmed           ||    14
         Constrict         ||     4
         Punch             ||     1
         Tentacles         ||     1
   Stab: Sleeping          ||     3
  Dodge: Dodged            ||     4

Table legend: (Time is in decaauts)
 A = Elapsed time spent in this place.
 B = Non-inter-level travel time spent in this place.
 C = Inter-level travel time spent in this place.
 D = Time resting spent in this place.
 E = Time spent auto-exploring this place.
 F = Levels seen in this place.
 G = Mean time per level.
                   A        B        C        D        E       F      G
               +--------+--------+--------+--------+--------+-----+--------+
         Total |    120 |    120 |      0 |      0 |     87 |   1 |  120.0 |
       Dungeon |    120 |    120 |      0 |      0 |     87 |   1 |  120.0 |
               +--------+--------+--------+--------+--------+-----+--------+

Top non-repeatable levels by time:
     D:1: 120 daAuts
